 Dungeon Crawl Stone Soup version 0.31-a0-626-g8143ab4f1d (webtiles) character file.

Game seed: 2368115313160816617

516 MoroccanLambKofta the Conjurer (level 7, -4/50 HPs)
             Began as a Human Conjurer on Aug 18, 2023.
             Was an Initiate of Vehumet.
             Killed from afar by an orc wizard (10 damage)
             ... with a puff of flame
             ... on level 5 of the Dungeon on Aug 24, 2023.
             The game lasted 01:52:44 (6732 turns).

MoroccanLambKofta the Conjurer (Human Conjurer)     Turns: 6732, Time: 01:53:14

Health: -4/50      AC:  6    Str:  7      XL:     7   Next: 44%
Magic:  12/12      EV: 16    Int: 17 (21) God:    Vehumet [......]
Gold:   300        SH:  0    Dex: 11      Spells: 5/13 levels left

rFire   . . .        f - +1 dagger (vamp)
rCold   . . .        (no shield)
rNeg    . . .        c - +0 leather armour
rPois   .            (no helmet)
rElec   .            b - +0 cloak
rCorr   +            (no gloves)
SInv    .            H - +1 pair of boots
Will    .....        (no amulet)
Stlth   +            i - ring of resist corrosion
HPRegen 0.28/turn    o - +5 ring of evasion
MPRegen 0.13/turn

%: no passive effects
@: confused
A: no striking features
a: Renounce Religion


You were on level 5 of the Dungeon.
You worshipped Vehumet.
Vehumet was noncommittal.
You visited 2 branches of the dungeon, and saw 6 of its levels.
You also visited: Sewer.

You collected 300 gold pieces.

Inventory:

Hand Weapons
 d - a +0 club
 e - a +0 short sword
 f - a +1 vampiric dagger (weapon)
 j - a +0 dagger of draining
 q - a +0 spear
 t - a +4 quarterstaff of chaos
 u - a +0 hammer
 x - a +2 dagger of venom
 B - a +0 short sword of venom
 D - a +0 trident
 G - a +0 hand axe
 I - a +0 morningstar
 N - the +1 dagger of Duikh {holy, Dex+3}
   (You found it on level 4 of the Dungeon)

   Dex+3:     It affects your dexterity (+3).
 O - a +0 dagger of draining
 P - a +0 halberd
 Q - a +0 spear
Missiles
 k - 48 stones
 C - a curare-tipped dart
 L - 4 poisoned darts
Armour
 a - a +0 robe
 b - a +0 cloak (worn)
 c - a +0 leather armour (worn)
 s - a +0 cloak
 v - the +7 plate armour of the Sufficient God {Slay+3}
   (You found it on level 3 of the Dungeon)

   Slay+3:    It affects your accuracy & damage with ranged weapons and melee
   (+3).
 H - a +1 pair of boots (worn)
 K - the +4 scale mail "Igoijoh" {Will+}
   (You found it on level 4 of the Dungeon)

   Will+:     It increases your willpower.
Jewellery
 i - a ring of resist corrosion (left hand)
 o - a +5 ring of evasion (right hand)
 F - a ring of protection from fire
Wands
 w - a wand of iceblast (7)
 M - a wand of polymorph (6)
Scrolls
 h - a scroll of blinking (quivered)
 l - a scroll of acquirement {unknown}
 m - a scroll of summoning
 n - a scroll of teleportation {unknown}
 p - 2 scrolls of fear {unknown}
 r - 2 scrolls of amnesia
 y - a scroll of fog
 R - a scroll of silence
Potions
 g - 2 potions of attraction
 z - 2 potions of resistance
 A - 2 potions of brilliance
 E - 2 potions of degeneration {unknown}
 J - a potion of enlightenment {unknown}


   Skills:
 + Level 2.1 Fighting
 + Level 1.9 Short Blades
 + Level 3.1 Armour
 + Level 2.9 Dodging
 + Level 2.4 Stealth
 * Level 3.6 Spellcasting
 * Level 5.0 Conjurations
 * Level 1.3 Fire Magic
 + Level 0.1 Evocations


You had 5 spell levels left.
You knew the following spells:

 Your Spells              Type           Power      Damage    Failure   Level
a - Magic Dart            Conj           80%        1d7       3%          1
b - Searing Ray           Conj           40%        2d5       4%          2
c - Fireball              Conj/Fire      6%         3d5       87%         5

Your spell library contained the following spells:

 Spells                   Type           Power      Damage    Failure   Level
 Kiss of Death            Conj/Necr      44%        2d8       9%          1
 Necrotise                Necr           12%        1d4       24%         1
 Dazzling Flash           Conj/Hex       22%        N/A       26%         3
 Fulminant Prism          Conj/Hex       5%         3d6       63%         4
 Iskenderun's Mystic Bla  Conj/Tloc      11%        2d4       63%         4
 Haunt                    Necr/Summ      1%         N/A       100%        7


Dungeon Overview and Level Annotations

Branches:
Dungeon (5/15)             Temple (1/1) D:4           Sewer (visited)

Altars:
Ashenzari
Cheibriados
Dithmenos
Elyvilon
Gozag
Hepliaklqana
Kikubaaqudgha
Makhleb
Nemelex Xobeh
Okawaru
Qazlal
Ru
Sif Muna
Trog
Vehumet
Yredelemnul
The Shining One

Shops:
D:3 (


Message History

The kobold brigand hits you with a +0 short sword.
You miss something. Something hits you but does no damage.
You barely miss something. The kobold brigand misses you.
Something hits you but does no damage.
You closely miss something. The kobold brigand barely misses you.
You hear some strange, mumbled words.
You are confused.
You're too confused to move!
The kobold brigand misses you.
You hear some strange, mumbled words.
Something tries to affect you, but you resist.
You closely miss the kobold brigand. The kobold brigand barely misses you.
You hear some strange, mumbled words.
A puff of flame appears from out of thin air!
The puff of flame hits you.
You completely miss something. The kobold brigand closely misses you.
Something hits you but does no damage.
You bump into the rock wall.
The kobold brigand barely misses you.
You hear some strange, mumbled words.
A puff of flame appears from out of thin air!
The puff of flame hits you.
* * * LOW HITPOINT WARNING * * *
You bump into the rock wall.
The kobold brigand closely misses you. Something barely misses you.
You bump into the rock wall.
The kobold brigand hits you with a +0 short sword.
* * * LOW HITPOINT WARNING * * *
Something barely misses you.
You bump into the rock wall.
You feel less confused. Something completely misses you.
You completely miss something. The kobold brigand barely misses you.
You hear some strange, mumbled words.
You are confused.
You bump into the rock wall.
The kobold brigand hits you with a +0 short sword.
* * * LOW HITPOINT WARNING * * *
You hear some strange, mumbled words.
A puff of flame appears from out of thin air!
The puff of flame hits you!
You die...

#....# #..#+#...# #.# #.####
##.......# #.# #.# #.......#
#.# #.# #.......## #.#
#........# #.#..
##############........####.#..
#.......................##.#..
#.###############'#####.##.#.K
#.#....<...K{@# #.# #.##...K
#.#.#########K###.#####.##....
#.#.##.w.....wK........KK#....
#.#.##.######.###.####.#..K#..
#+#......K........# #.#...##.
#...........####.##### #.#...#
^ +.........#.# .#. #.##>.# .
#.......{..... . # #.##..#
#.........#w#.#. #.##..#


You could see a kobold brigand, a worm and 2 kobolds.

Vanquished Creatures
  An ice beast (D:5)
  A kobold brigand (Sewer)
  Crazy Yiuf (D:2)
  An iguana (D:5)
  Ijyb (D:3)
  3 orc wizards (D:5)
  5 adders
  3 gnolls (D:5)
  A river rat (Sewer)
  A white imp (D:5)
  6 worms
  9 orcs
  11 endoplasms
  2 giant cockroaches
  8 hobgoblins
  3 jackals (D:4)
  3 quokkas
  3 ball pythons
  4 bats
  4 frilled lizards
  9 goblins
  11 kobolds
  7 rats
98 creatures vanquished.

Notes
Turn   | Place    | Note
-------+----------+-------------------------------------------
     0 | D:1      | MoroccanLambKofta the Human Conjurer began the quest for
                  | the Orb.
     0 | D:1      | Reached XP level 1. HP: 13/13 MP: 3/3
   263 | D:1      | Reached XP level 2. HP: 14/19 MP: 3/5
   395 | D:1      | Got the Textbook on Heat and Skeletons
   402 | D:1      | Learned a level 2 spell: Searing Ray
   671 | D:1      | Reached XP level 3. HP: 24/24 MP: 3/6
   824 | D:1      | Reached skill level 1 in Short Blades
  1933 | D:2      | Found a runed translucent door.
  1934 | D:2      | Noticed Crazy Yiuf
  2452 | D:2      | Killed Crazy Yiuf
  2453 | D:2      | Reached skill level 1 in Fighting
  2453 | D:2      | Reached skill level 1 in Armour
  2453 | D:2      | Reached XP level 4. HP: 25/32 MP: 4/7
  2471 | D:2      | Upgraded the game from 0.31-a0-574-g69dc8cc98e to
                  | 0.31-a0-604-g8e0283293c
  2586 | D:3      | Found a stormy altar of Qazlal.
  2587 | D:3      | Noticed an air elemental
  2591 | D:3      | Noticed a fire elemental
  2591 | D:3      | Noticed a water elemental
  2591 | D:3      | Noticed an earth elemental
  2625 | D:3      | Identified the +7 plate armour of the Sufficient God
                  | {Slay+3}
  2670 | D:3      | Found a glowing drain.
  2671 | D:3      | Noticed Ijyb
  2699 | D:3      | Killed Ijyb
  2700 | D:3      | Reached XP level 5. HP: 30/37 MP: 0/9
  2720 | Sewer    | Entered a sewer
  2745 | Sewer    | Learned a level 5 spell: Fireball
  2790 | Sewer    | HP: 1/37 [river rat (2)]
  2978 | Sewer    | Noticed a kobold brigand
  2982 | Sewer    | Killed a kobold brigand
  2983 | Sewer    | Reached XP level 6. HP: 34/43 MP: 8/10
  3658 | D:3      | Found Dayngeimp's Weapon Shoppe.
  4722 | D:4      | Identified the +4 scale mail "Igoijoh" {Will+}
  4828 | D:4      | Found a staircase to the Ecumenical Temple.
  4879 | Temple   | Entered the Ecumenical Temple
  4953 | Temple   | Upgraded the game from 0.31-a0-604-g8e0283293c to
                  | 0.31-a0-626-g8143ab4f1d
  4979 | Temple   | Became a worshipper of Sif Muna the Loreminder
  5372 | D:4      | Identified the +1 dagger of Duikh {holy, Dex+3}
  5463 | D:4      | Found a radiant altar of Vehumet.
  5470 | D:4      | Fell from the grace of Sif Muna
  5470 | D:4      | Became a worshipper of Vehumet
  5814 | D:5      | Entered Level 5 of the Dungeon
  6044 | D:5      | Reached XP level 7. HP: 46/50 MP: 2/11
  6371 | D:5      | Reached skill level 5 in Conjurations
  6371 | D:5      | Reached skill level 1 in Fire Magic
  6732 | D:5      | Killed from afar by an orc wizard

Illustrated notes

Levels and vault maps discovered:
D:1:      nzn_arrival_depleted_hourglass, layout_basic
D:2:      layout_basic, chequers_hall_statues_wall_a, uniq_crazy_yiuf_cottage
D:3:      layout_basic, nicolae_qazlal_style_of_elements, serial_shops, shop,
          cheibrodos_sewer_entry_drain, uniq_ijyb
D:4:      layout_cave_pods, vehumet_crystals, minmay_temple_entry_grid
D:5:      cheibrodos_thug_alley, layout_basic, serial_shops,
          nicolae_shop_behind_doors, st_stairs_8
Temple:   nicolae_temple_superstar

Skill      XL: |  1  2  3  4  5  6  7 |
---------------+----------------------+-----
Short Blades   | 1 |  1.9
Fighting       | 1 2 |  2.1
Armour         | 1 2 3 |  3.1
Spellcasting   | 3 |  3.6
Conjurations   | 5 |  5.0
Fire Magic     | 1 |  1.3
Dodging        | |  2.9
Stealth        | |  2.4
Evocations     | |  0.1

Action                     |  1- 3 |  4- 6 |  7- 9 || total
---------------------------+-------+-------+-------++-------
  Melee: Short sword       |    11 |       |       ||    11
         Dagger            |    41 |   110 |    17 ||   168
         Punch             |       |     1 |       ||     1
   Cast: Magic Dart        |    22 |    12 |       ||    34
         Searing Ray       |    14 |    34 |     6 ||    54
  Evoke: Wand              |       |     4 |       ||     4
    Use: Potion            |     1 |     5 |     1 ||     7
         Scroll            |     1 |     7 |       ||     8
   Stab: Sleeping          |     1 |       |       ||     1
 Armour: Leather armour    |    21 |    13 |    11 ||    45
         Plate armour      |       |     2 |       ||     2
         Scale mail        |       |     8 |    12 ||    20
         Skin              |       |       |     1 ||     1
  Dodge: Dodged            |    50 |    86 |    34 ||   170

Table legend: (Time is in decaauts)
 A = Elapsed time spent in this place.
 B = Non-inter-level travel time spent in this place.
 C = Inter-level travel time spent in this place.
 D = Time resting spent in this place.
 E = Time spent auto-exploring this place.
 F = Levels seen in this place.
 G = Mean time per level.
                   A        B        C        D        E       F      G
               +--------+--------+--------+--------+--------+-----+--------+
         Total |   6816 |   4329 |   2487 |      0 |   1140 |   7 |  973.7 |
       Dungeon |   5971 |   3594 |   2377 |      0 |   1140 |   5 | 1194.2 |
        Temple |    125 |     15 |    110 |      0 |      0 |   1 |  125.0 |
         Sewer |    720 |    720 |      0 |      0 |      0 |   1 |  720.0 |
               +--------+--------+--------+--------+--------+-----+--------+

Top non-repeatable levels by time:
     D:3: 1370 daAuts
     D:2: 1315 daAuts
     D:1: 1243 daAuts
     D:4: 1127 daAuts
     D:5: 913 daAuts
   Sewer: 720 daAuts
  Temple: 125 daAuts
